 Dungeon Crawl Stone Soup version 0.27.0-1-g7a089689b8 (webtiles) character file.

Game seed: 13924361217862579649

3753 MacCMillion the Covert (level 10, -3/72 HPs)
             Began as a Merfolk Ice Elementalist on Aug 15, 2021.
             Hit by a stone thrown by a tengu warrior (15 damage)
             ... on level 8 of the Dungeon on Aug 16, 2021.
             The game lasted 00:31:14 (9163 turns).

MacCMillion the Covert (Merfolk Ice Elementalist)   Turns: 9163, Time: 00:31:14

Health: -3/72      AC:  8    Str: 11    XL:     10   Next: 15%
Magic:  6/13       EV: 16    Int: 16    God:
Gold:   627        SH:  0    Dex: 20    Spells: 6/13 levels left

rFire    + . .     SeeInvis .   h - +4 dagger
rCold    . . .     Faith    .   (no shield)
rNeg     . . .     Spirit   .   C - +1 robe "Xuok" {rF+}
rPois    +         Reflect  .   u - +2 helmet
rElec    .         Harm     .   s - +0 cloak
rCorr    .         Rampage  .   (no gloves)
Will     .....                  A - +0 pair of boots
Stlth    ++++++....             (no amulet)
HPRegen  0.22/turn              v - ring of poison resistance
MPRegen  0.13/turn              B - +6 ring of dexterity

@: no status effects
A: (nimble swimmer 2), mertail
a: no special abilities


You were on level 8 of the Dungeon.
You visited 2 branches of the dungeon, and saw 9 of its levels.
You also visited: Ossuary.

You collected 627 gold pieces.

Inventory:

Hand Weapons
 e - a +0 spear
 h - a +4 dagger (weapon)
 O - a +2 dagger of freezing
Armour
 a - a +0 robe
 d - a +0 leather armour
 j - a +0 helmet
 l - a +1 ring mail of cold resistance
 s - a +0 cloak (worn)
 u - a +2 helmet (worn)
 w - a scarf of resistance
 A - a +0 pair of boots (worn)
 C - the +1 robe "Xuok" (worn) {rF+}
   (You found it on level 5 of the Dungeon)

   rF:        It protects you from fire.
 E - a +2 kite shield
Magical Staves
 D - a staff of death
Jewellery
 v - a ring of poison resistance (left hand)
 B - a +6 ring of dexterity (right hand)
 R - a ring of resist corrosion
Wands
 q - a wand of flame (53)
 t - a wand of polymorph (9)
 y - a wand of mindburst (20)
 L - a wand of digging (5)
Scrolls
 c - a scroll of magic mapping {unknown}
 g - a scroll of noise {unknown}
 k - 2 scrolls of vulnerability {unknown}
 x - 2 scrolls of enchant armour {unknown}
 F - a scroll of fog {unknown}
 J - 3 scrolls of teleportation {unknown}
 K - 2 scrolls of enchant weapon {unknown}
 M - a scroll of blinking {unknown}
 N - a scroll of immolation {unknown}
 P - a scroll of fear {unknown}
Potions
 b - 3 potions of mutation
 f - a potion of heal wounds {unknown}
 i - 7 potions of curing
 m - a potion of flight {unknown}
 n - 2 potions of brilliance
 o - a potion of berserk rage {unknown}
 p - a potion of lignification
 r - a potion of ambrosia {unknown}
 z - 2 potions of attraction
 G - a potion of invisibility {unknown}
 H - a potion of degeneration {unknown}
 I - a potion of might {unknown}
 Q - a potion of haste {unknown}


   Skills:
 - Level 4.2 Fighting
 - Level 5.0 Short Blades
 - Level 6.0 Dodging
 + Level 12.9 Stealth
 - Level 2.0 Spellcasting
 - Level 7.3 Ice Magic


You had 6 spell levels left.
You knew the following spells:

 Your Spells              Type           Power      Damage    Failure   Level
a - Freeze                Ice            100%       1d11      1%          1
b - Frozen Ramparts       Ice            50%        1d7       3%          3
c - Ozocubu's Armour      Ice            25%        N/A       3%          3

Your spell library contained the following spells:

 Spells                   Type           Power      Damage    Failure   Level
 Hailstorm                Conj/Ice       13%        3d5       41%         4
 Gell's Gravitas          Tloc           0%         N/A       52%         3
 Teleport Other           Tloc           1%         N/A       52%         3
 Animate Dead             Necr           0%         N/A       90%         4
 Borgnjor's Vile Clutch   Necr/Erth      0%         N/A       99%         5
 Death Channel            Necr           0%         N/A       100%        6
 Dispersal                Tloc           0%         N/A       100%        6


Dungeon Overview and Level Annotations

Branches:
Dungeon (8/15)             Temple (1/1) D:6            Lair (0/6) D:8
Ossuary (visited)

Altars:
Cheibriados
Elyvilon
Fedhas
Gozag
Makhleb
Nemelex Xobeh
Okawaru
Qazlal
Ru
Sif Muna
Uskayaw
Vehumet
Wu Jian
Xom
Yredelemnul
Zin


Innate Abilities, Weirdness & Mutations

((You are quick and stealthy near water. (Stealth+, EV+, Speed+++)))
Your lower body shifts to a powerful aquatic tail in water.


Message History

Okay, then.
Casting: Frozen Ramparts (dangerous; 3% risk of failure)
Confirm with . or Enter, or press ? or * to list all spells.
Casting: Frozen Ramparts (dangerous; 3% risk of failure)
Press: ? - help, Dir - look around, f - activate The walls around you are covered in ice.
Unknown command.
The wall freezes the troll.
You freeze the troll.
The troll is moderately wounded.
The wall freezes the troll.
The troll completely misses you. The troll barely misses you.
The troll claws you.
The wall freezes the tengu warrior.
You freeze the troll.
The troll is heavily wounded.
The wall freezes the troll.
The troll closely misses you. The troll claws you!
The troll claws you but does no damage.
The wall freezes the tengu warrior.
You freeze the troll!
The troll is severely wounded.
The wall freezes the troll!
The troll bites you! The troll closely misses you.
The troll claws you but does no damage.
The wall freezes the tengu warrior.
You freeze the troll!
You kill the troll!
The troll leather armour is intact enough to wear.
The wall freezes the tengu warrior.
You freeze the tengu warrior.
The tengu warrior is lightly wounded.
The wall freezes the tengu warrior.
The tengu warrior hits you with a +0 battleaxe!!
The tengu warrior closely misses you.
The tengu warrior completely misses you.
You are too injured to fight recklessly!
Your frozen ramparts will break if you move.
Continue?
The frozen ramparts melt away as you move.
The tengu warrior throws a stone.
The stone completely misses you.
The tengu warrior throws a stone.
The stone hits you.
The tengu warrior throws a stone.
The stone hits you!
* * * LOW HITPOINT WARNING * * *
The tengu warrior throws a stone.
The stone hits you!
You die...

.. ..... .# #.# ...###.# #
.z# #...##.## .# .#
#[#.....#..## #
#.Q..#...... # ##.#.#.##.#
# # ##Q#.....>## . ##
#..........# .#
.##########.....@....##.##
......[..................
.##########..............
.# #>.........#.. ##
#..........# #
#.......(.<# #........†.#
############


You could see a tengu warrior.

Vanquished Creatures
  A troll (D:8)
  Prince Ribbit (D:7)
  Edmund (D:6)
  3 water moccasins (D:5)
  5 sky beasts
  An ice beast (D:5)
  2 orc warriors
  2 black bears
  4 centaurs
  A phantom (D:5)
  A kobold brigand (D:7)
  2 scorpions
  3 killer bees (D:6)
  A wight (D:8)
  4 howler monkeys
  2 centaur zombies (D:6)
  A jelly (D:6)
  2 hounds (D:5)
  2 centaur skeletons
  4 orc priests (D:7)
  3 bullfrog skeletons
  Jessica (D:3)
  3 iguanas
  6 orc wizards
  A hound skeleton (D:4)
  8 mummies (Ossuary)
  Robin (D:3)
  9 gnolls
  6 adders
  A white imp (D:6)
  An ufetubus (D:6)
  2 worms (D:5)
  3 dart slugs
  21 orcs
  3 ball pythons
  5 endoplasms
  3 giant cockroaches
  A gnoll zombie (Ossuary)
  12 goblins
  12 hobgoblins
  13 kobolds
  3 quokkas
  4 bats
  2 frilled lizards
  3 hobgoblin zombies (Ossuary)
  2 kobold zombies (Ossuary)
  2 orc zombies (Ossuary)
  6 rats
180 creatures vanquished.

Vanquished Creatures (others)
  An orc wizard (D:8)
1 creature vanquished.

Grand Total: 181 creatures vanquished

Notes
Turn   | Place    | Note
-------+----------+-------------------------------------------
     0 | D:1      | MacCMillion the Merfolk Ice Elementalist began the quest
                  | for the Orb.
     0 | D:1      | Reached XP level 1. HP: 13/13 MP: 3/3
   353 | D:1      | Reached XP level 2. HP: 19/19 MP: 3/5
   498 | D:1      | Reached skill level 5 in Ice Magic
  1136 | D:1      | Reached XP level 3. HP: 24/24 MP: 6/6
  1140 | D:1      | Learned a level 3 spell: Frozen Ramparts
  1972 | D:2      | Reached XP level 4. HP: 30/30 MP: 2/7
  2127 | D:2      | Reached skill level 3 in Stealth
  2333 | D:3      | Found a faded altar of an unknown god.
  2471 | D:3      | Reached XP level 5. HP: 35/35 MP: 4/8
  2476 | D:3      | Noticed Robin
  2632 | D:3      | Killed Robin
  2920 | D:3      | Found a blossoming altar of Fedhas.
  2987 | D:3      | Noticed Jessica
  2994 | D:3      | Killed Jessica
  3259 | D:3      | Found a hide-covered altar of Uskayaw.
  3458 | D:4      | Reached skill level 4 in Stealth
  3458 | D:4      | Reached XP level 6. HP: 38/41 MP: 1/9
  3601 | D:4      | Noticed a two-headed ogre
  3613 | D:4      | Noticed a black bear
  3661 | D:4      | Found an iron altar of Okawaru.
  3885 | D:4      | Killed a black bear
  3886 | D:4      | Reached skill level 5 in Stealth
  3979 | D:5      | Entered Level 5 of the Dungeon
  4002 | D:5      | Reached skill level 6 in Stealth
  4002 | D:5      | Reached XP level 7. HP: 35/46 MP: 8/10
  4133 | D:5      | Reached skill level 1 in Fighting
  4460 | D:5      | Reached skill level 7 in Stealth
  4694 | D:5      | Identified the +1 robe "Xuok" {rF+}
  4705 | D:5      | Reached skill level 1 in Short Blades
  4705 | D:5      | Reached XP level 8. HP: 32/56 MP: 11/11
  5021 | D:5      | Reached skill level 5 in Dodging
  5510 | D:6      | Found a glowing silver altar of Zin.
  5510 | D:6      | Noticed Edmund
  5516 | D:6      | Killed Edmund
  5517 | D:6      | Reached skill level 8 in Stealth
  5631 | D:6      | Found a sand-covered staircase.
  5636 | Ossuary  | Entered an ossuary
  5700 | Ossuary  | Learned a level 3 spell: Ozocubu's Armour
  6210 | D:6      | Reached XP level 9. HP: 65/65 MP: 6/12
  6327 | D:6      | Reached skill level 5 in Short Blades
  6435 | D:6      | Found a staircase to the Ecumenical Temple.
  6448 | Temple   | Entered the Ecumenical Temple
  6583 | D:6      | Reached skill level 9 in Stealth
  6985 | D:6      | Found an ornate altar of the Wu Jian Council.
  7298 | D:7      | Reached skill level 10 in Stealth
  7644 | D:7      | Noticed Prince Ribbit
  7787 | D:7      | Reached skill level 11 in Stealth
  7889 | D:7      | Killed Prince Ribbit
  8759 | D:8      | Reached skill level 12 in Stealth
  8777 | D:8      | Found a shimmering altar of Xom.
  8779 | D:8      | Found a glowing silver altar of Zin.
  8779 | D:8      | Found a hazy altar of Hepliaklqana.
  8781 | D:8      | Found a snail-covered altar of Cheibriados.
  8781 | D:8      | Found a glowing silver altar of Zin.
  8781 | D:8      | Found a white marble altar of Elyvilon.
  8809 | D:8      | Reached XP level 10. HP: 55/72 MP: 8/13
  8966 | D:8      | Found a staircase to the Lair.
  9147 | D:8      | Noticed a tengu warrior
  9163 | D:8      | Hit by a stone thrown by a tengu warrior

Illustrated notes

Levels and vault maps discovered:
D:1:      sevenhm_arrival_forest_fort_large_4, layout_basic, moated_statue
D:2:      layout_loops_ring
D:3:      layout_rooms, mainiacjoe_overflow_alcove_2, nicolae_uskayaw_suspiria,
          ebering_ecumenical_altar_mist, uniq_robin, uniq_jessica
D:4:      layout_cave_pools, gammafunk_temple_overflow_statue,
          old_standard_altar
D:5:      layout_cave_pods
D:6:      layout_basic, mainiacjoe_overflow_brackets,
          pdpol_wu_jian_five_deadly_venoms, minmay_temple_entry_ruins,
          enter_ossuary_2, uniq_edmund
D:7:      layout_gridville, uniq_prince_ribbit1
D:8:      minmay_bloctagon, layout_rooms, tso_metal_star, bloody_trog,
          doesnt_xom_only_xom, gammafunk_temple_overflow_arena
Temple:   nicolae_temple_figure_zero

Skill      XL: |  1  2  3  4  5  6  7  8  9 |
---------------+----------------------------+-----
Ice Magic      | 5 6 7 |  7.3
Stealth        | 3 4 6 7 8 12 | 12.9
Fighting       | 2 4 |  4.2
Dodging        | 4 6 |  6.0
Short Blades   | 1 4 5 |  5.0
Spellcasting   | |  2.0

Action                   |  1- 3 |  4- 6 |  7- 9 | 10-12 || total
-------------------------+-------+-------+-------+-------++-------
Melee: Dagger            |     9 |    29 |   217 |    22 ||   277
 Cast: Freeze            |    39 |    62 |    93 |     7 ||   201
       Frozen Ramparts   |     2 |     6 |    24 |     3 ||    35
Evoke: Wand              |       |       |     9 |       ||     9
  Use: Scroll            |       |       |     5 |       ||     5
 Stab: Sleeping          |     4 |     5 |    10 |     1 ||    20
Armor: Robe              |     3 |    14 |    78 |     8 ||   103
Dodge: Dodged            |    15 |    45 |   214 |    23 ||   297
